 Dungeon Crawl Stone Soup version 0.31-a0-277-g31ea1f65cc (webtiles) character file.

Game seed: 11454902275845365361

47828 promet the Grappler (level 14, -28/169 HPs)
             Began as a Grey Draconian Monk on July 14, 2023.
             Was the Champion of Cheibriados.
             Annihilated by Saint Roka
             ... wielding a +2 dire flail of protection
              (33 damage)
             ... on level 2 of the Orcish Mines on July 15, 2023.
             The game lasted 02:53:11 (26889 turns).

promet the Grappler (Grey Draconian Monk)          Turns: 26889, Time: 02:53:12

Health: -28/169    AC: 17    Str: 32    XL:     14   Next: 10%
Magic:  30/30      EV: 22    Int: 28    God:    Cheibriados [******]
Gold:   1401       SH:  0    Dex: 31    Spells: 16/22 levels left

rFire   . .          .
                       - Unarmed
rCold   . . .        (no shield)
rNeg    . . .        (body armour unavailable)
rPois   .            U - +1 hat {Int+3}
rElec   .            C - scarf {repulsion}
rCorr   .            J - +0 pair of gloves
SInv    .            i - +1 pair of boots
Will    +....        T - amulet of regeneration Stlth
                     X - ring of wizardry
HPRegen 1.28/turn    K - ring of magical power
MPRegen 0.22/turn

%: repel missiles, wizardry (x1)
@: berserking, silenced, very slow
A: AC +13, amphibious, unfitting armour, cold-blooded
a: Renounce Religion


You were on level 2 of the Orcish Mines.
You worshipped Cheibriados.
Cheibriados was exalted by your worship.
You visited 3 branches of the dungeon, and saw 17 of its levels.

You collected 1522 gold pieces.
You spent 121 gold pieces at shops.

Inventory:

Hand Weapons
 b - the +4 shortbow of Pyromania {heavy, MP+9 Int+7}
   (You found it on level 4 of the Lair of Beasts)

   Int:       It affects your intelligence (+7).
   MP:        It affects your magic capacity (+9).
 c - a +0 short sword of venom
 f - the +10 zealot's sword {holy, Zealotry, *Rage rN+ EV+3}
   (You found it on level 5 of the Lair of Beasts)

   Zealotry:  Whenever the wielder enters a berserk rage, their allies are
   berserked alongside them.
   EV:        It affects your evasion (+3).
   rN:        It protects you from negative energy.
   *Rage:     It berserks you when you make melee attacks (+20% chance).
 t - a +2 flail
 u - a +0 spectral whip
 z - a +2 spear of venom
 D - a +6 great sword of freezing
 G - a +3 demon trident of electrocution
 P - a +0 sling
Missiles
 g - 130 stones (quivered)
 l - 11 poisoned darts
Armour
 i - a +1 pair of boots (worn)
 p - a +0 tower shield
 C - a scarf of repulsion (worn)
 J - a +0 pair of gloves (worn)
 R - an orb of light
 U - a +1 hat of intelligence (worn)
Magical Staves
 E - a staff of fire
Jewellery
 r - an amulet of reflection
 v - a +6 ring of dexterity
 w - a ring of see invisible
 K - a ring of magical power (right hand)
 L - a ring of the Octopus King {rN+ HP+2 AC+2 EV+2 SH+2}
   (You found it on level 5 of the Lair of Beasts)

   [ring of positive energy]

   AC:        It affects your AC (+2).
   EV:        It affects your evasion (+2).
   rN:        It protects you from negative energy.
   HP:        It affects your health (+2).
   SH:        It affects your SH (+2).
 T - an amulet of regeneration (around neck)
 X - a ring of wizardry (left hand)
Wands
 d - a wand of flame (32)
 e - a wand of iceblast (11)
 s - a wand of polymorph (15)
 A - a wand of mindburst (18)
 V - a wand of quicksilver (1)
Scrolls
 j - 2 scrolls of blinking
 x - 3 scrolls of revelation
 y - a scroll of fear
 F - 4 scrolls of teleportation
 M - a scroll of fog
 S - a scroll of poison
Potions
 a - 3 potions of ambrosia
 h - 3 potions of mutation
 k - a potion of lignification
 n - a potion of magic
 o - 3 potions of attraction
 q - 2 potions of resistance
 N - a potion of curing
 Q - 4 potions of invisibility
 Z - a potion of brilliance {unknown}


   Skills:
 + Level 7.1 Fighting
 + Level 0.9 Short Blades
 + Level 0.1(0.4) Long Blades
 + Level 6.6 Ranged Weapons
 + Level 2.8 Throwing
 + Level 8.6 Dodging
 + Level 5.6 Stealth
 + Level 10.6 Shields
 + Level 14.6 Unarmed Combat
 + Level 4.8 Spellcasting
 + Level 0.9 Conjurations
 + Level 3.6 Earth Magic
 * Level 8.1 Invocations
 + Level 1.5 Evocations


You had 16 spell levels left.
You knew the following spells:

 Your Spells              Type           Power      Damage    Failure   Level
a - Sandblast             Erth           54%        2d13      1%          1
b - Stone Arrow           Conj/Erth      38%        3d9       3%          3
c - Passwall              Tmut/Erth      13%        N/A       1%          2

Your spell library contained the following spells:

 Spells                   Type           Power      Damage    Failure   Level
 Wereblood                Tmut           6%         N/A       4%          2
 Ozocubu's Armour         Ice            6%         N/A       9%          3
 Irradiate                Conj/Tmut      4%         3d13      50%         5
 Simulacrum               Ice/Necr       3%         N/A       98%         6
 Ozocubu's Refrigeration  Ice            3%         4d8       100%        7
 Polar Vortex             Ice            3%         N/A       100%        9


Dungeon Overview and Level Annotations

Branches:
Dungeon (10/15)            Temple (0/1) D:7            Lair (5/5) D:9
 Shoals (0/4) Lair:3       Spider (0/4) Lair:3        Slime (0/5) Lair:5
    Orc (2/2) D:10
    Elf: Orc:2

Altars:
Cheibriados
Elyvilon
Hepliaklqana
Kikubaaqudgha
Jiyva

Shops:
D:8 [

Annotations:
Orc:2 Saint Roka


Innate Abilities, Weirdness & Mutations

Your dull iron-grey scales are very hard. (AC +13)
You are amphibious.
You cannot fit into any form of body armour.
You are cold-blooded and may be slowed by cold attacks.


Message History

The orc warrior hits you but does no damage.
Saint Roka completely misses you.
You punch Saint Roka! You tail-slap Saint Roka.
You punch Saint Roka, but do no damage.
Saint Roka is heavily wounded.
The orc warrior hits you with a +0 short sword!
Saint Roka hits you with a +2 dire flail of protection.
You punch Saint Roka!
You tail-slap Saint Roka, but do no damage.
Saint Roka is severely wounded.
The orc warrior completely misses you.
You barely miss Saint Roka.
Saint Roka is severely wounded.
Saint Roka hits you with a +2 dire flail of protection!!
* * * LOW HITPOINT WARNING * * *
The orc warrior hits you with a +0 short sword.
* * * LOW HITPOINT WARNING * * *
You hit Saint Roka but do no damage.
You tail-slap Saint Roka, but do no damage.
Saint Roka is severely wounded.
Saint Roka hits you but does no damage.
You punch Saint Roka!
You tail-slap Saint Roka, but do no damage.
Saint Roka is severely wounded.
The orc warrior hits you with a +0 short sword.
* * * LOW HITPOINT WARNING * * *
Saint Roka hits you with a +2 dire flail of protection!
* * * LOW HITPOINT WARNING * * *
A red film seems to cover your vision as you go berserk!
Cheibriados forces you to slow down.
You feel mighty! The orc warrior misses you.
Saint Roka hits you with a +2 dire flail of protection!
* * * LOW HITPOINT WARNING * * *
You hit Saint Roka. Your punch misses Saint Roka.
Saint Roka is severely wounded.
The orc warrior completely misses you.
You hit Saint Roka but do no damage.
Saint Roka is severely wounded.
Saint Roka hits you with a +2 dire flail of protection!!
You die...

# #..............#.#
#.................
##.....##.......#.# .
#.....).##.......## ..
#........#...#..##
...#####.#............#
..)..8....#...........##
....)..o.#.....).......##
(..)..)o@.)...........##.
.......).."..).....<..#..
.....8.).................
...#####[................
.. #..[..............# .
#...............### ..
##..[#..........#.# ##
..8 #..........#......
##.# ....
#.................


You could see Saint Roka (poisoned) and an orc warrior.

Vanquished Creatures
  Gastronok (Lair:2)
  Harold (D:9)
  4 hydras
  A merfolk avatar (Lair:5)
  A catoblepas (Lair:5)
  A centaur warrior (D:9)
  A two-headed ogre (D:9)
  Urug (Orc:1)
  Nergalle (Orc:2)
  2 skysharks (Lair:5)
  2 harpies (Lair:5)
  A cyclops (D:6)
  2 orc knights
  4 orc sorcerers
  2 manticores
  6 elephants
  5 black mambas
  11 cane toads
  A torpor snail (Lair:1)
  A gargoyle (D:10)
  An unseen horror (D:10)
  5 rime drakes
  7 komodo dragons
  4 trolls
  A queen bee (D:9)
  2 hornets
  A wind drake (Lair:5)
  2 polar bears (Lair:5)
  3 snapping turtles
  25 blink frogs
  6 dream sheep (Lair:3)
  21 yaks
  2 wraiths (D:9)
  8 wyverns
  5 basilisks
  3 steam dragons
  2 wargs (Orc:1)
  16 water moccasins
  19 orc warriors
  A black bear (D:6)
  A sky beast (D:7)
  6 wolves (Lair:2)
  5 centaurs
  8 ogres
  2 kobold brigands
  2 necrophages (D:5)
  A gnoll sergeant (D:8)
  6 bullfrogs
  3 scorpions
  7 wights
  38 killer bees
  2 electric eels
  2 bullfrog zombies (D:5)
  A centaur zombie (D:5)
  A hound (D:6)
  A gnoll bouda (D:4)
  13 orc priests
  A sleepcap (D:5)
  A human zombie (D:5)
  7 jellies
  2 scorpion zombies (D:5)
  Ijyb (D:3)
  14 orc wizards
  A hound zombie (D:5)
  A mummy (D:4)
  Robin (D:4)
  17 gnolls
  8 adders
  A river rat (Lair:2)
  A shadow imp (D:6)
  3 white imps
  2 ufetubi
  2 worms (D:2)
  2 dart slugs
  42 orcs
  3 ball pythons
  2 endoplasms
  5 giant cockroaches
  25 goblins
  7 hobgoblins
  7 jackals
  5 quokkas
  7 bats
  2 frilled lizards
  23 kobolds
  5 rats
  A butterfly (Lair:4)
481 creatures vanquished.

Vanquished Creatures (collateral kills)
  An acid dragon (D:6)
  An adder (D:6)
  An orc (D:7)
3 creatures vanquished.

Vanquished Creatures (others)
  A killer bee (D:9)
  An orc (D:7)
2 creatures vanquished.

Grand Total: 486 creatures vanquished

Notes
Turn   | Place    | Note
-------+----------+-------------------------------------------
     0 | D:1      | promet the Draconian Monk began the quest for the Orb.
     0 | D:1      | Reached XP level 1. HP: 19/19 MP: 1/1
   167 | D:1      | Reached XP level 2. HP: 26/26 MP: 2/2
  1043 | D:2      | Reached XP level 3. HP: 31/31 MP: 3/3
  1287 | D:2      | Reached skill level 4 in Unarmed Combat
  1580 | D:2      | Reached XP level 4. HP: 40/40 MP: 4/4
  2004 | D:3      | Noticed Ijyb
  2018 | D:3      | Killed Ijyb
  2298 | D:3      | Reached XP level 5. HP: 46/46 MP: 5/5
  2320 | D:3      | Reached skill level 5 in Unarmed Combat
  2325 | D:3      | Reached skill level 1 in Shields
  3792 | D:4      | Reached XP level 6. HP: 48/52 MP: 6/6
  3969 | D:4      | Found a snail-covered altar of Cheibriados.
  3987 | D:4      | Became a worshipper of Cheibriados the Contemplative
  3987 | D:4      | Reached * piety under Cheibriados
  3987 | D:4      | Reached ** piety under Cheibriados
  4066 | D:4      | Reached skill level 6 in Unarmed Combat
  4236 | D:4      | Noticed Robin
  4254 | D:4      | Killed Robin
  4545 | D:5      | Entered Level 5 of the Dungeon
  4566 | D:5      | Your scales start taking on a dull iron-grey colour.
  4566 | D:5      | Reached XP level 7. HP: 37/58 MP: 7/7
  4967 | D:5      | Reached skill level 7 in Unarmed Combat
  5041 | D:5      | Reached skill level 1 in Stealth
  5419 | D:5      | Found a white marble altar of Elyvilon.
  5509 | D:5      | Reached *** piety under Cheibriados
  5802 | D:5      | Reached XP level 8. HP: 47/66 MP: 8/8
  6116 | D:5      | Reached skill level 8 in Unarmed Combat
  6138 | D:5      | Found an ancient bone altar of Kikubaaqudgha.
  6773 | D:6      | Noticed a cyclops
  6909 | D:6      | Reached skill level 9 in Unarmed Combat
  7133 | D:6      | Reached skill level 5 in Shields
  7878 | D:6      | Reached XP level 9. HP: 71/71 MP: 9/9
  7997 | D:6      | Was placed under penance by Cheibriados
  8116 | D:6      | Killed a cyclops
  8117 | D:6      | Reached skill level 1 in Throwing
  8117 | D:6      | Reached skill level 10 in Unarmed Combat
  8117 | D:6      | Reached skill level 1 in Invocations
  8916 | D:7      | Found a hazy altar of Hepliaklqana.
  9248 | D:7      | Found a staircase to the Ecumenical Temple.
  9871 | D:7      | Was forgiven by Cheibriados
 10276 | D:8      | Found Seotsute's Antique Armour Boutique.
 10296 | D:8      | Reached skill level 5 in Dodging
 10452 | D:8      | Bought a pair of gloves for 121 gold pieces
 10488 | D:8      | Upgraded the game from 0.31-a0-271-gb88eb75e06 to
                  | 0.31-a0-277-g31ea1f65cc
 11154 | D:8      | Reached XP level 10. HP: 55/78 MP: 12/12
 11745 | D:9      | Noticed a centaur warrior
 11756 | D:9      | Killed a centaur warrior
 11757 | D:9      | Reached skill level 1 in Ranged Weapons
 11757 | D:9      | Reached skill level 11 in Unarmed Combat
 12131 | D:9      | Noticed a two-headed ogre
 12158 | D:9      | Killed a two-headed ogre
 12415 | D:9      | Noticed Harold
 12450 | D:9      | Killed Harold
 12597 | D:9      | Learned a level 1 spell: Sandblast
 12733 | D:9      | Found a staircase to the Lair.
 12886 | D:10     | Entered Level 10 of the Dungeon
 12914 | D:10     | Reached skill level 5 in Invocations
 12926 | D:10     | Noticed a gargoyle
 12935 | D:10     | Killed a gargoyle
 12936 | D:10     | Reached skill level 12 in Unarmed Combat
 12936 | D:10     | Reached XP level 11. HP: 84/84 MP: 14/14
 13679 | D:10     | Found a staircase to the Orcish Mines.
 13965 | Lair:1   | Entered Level 1 of the Lair of Beasts
 14003 | Lair:1   | Reached skill level 5 in Fighting
 14756 | Lair:1   | Reached **** piety under Cheibriados
 14757 | Lair:1   | Reached skill level 1 in Evocations
 16354 | Lair:2   | Noticed a four-headed hydra
 16368 | Lair:2   | Killed a four-headed hydra
 16623 | Lair:2   | Reached XP level 12. HP: 94/94 MP: 16/16
 16871 | Lair:2   | Noticed Gastronok
 16899 | Lair:2   | Killed Gastronok
 16900 | Lair:2   | Reached skill level 13 in Unarmed Combat
 18650 | Lair:3   | Noticed a four-headed hydra
 18666 | Lair:2   | Killed a four-headed hydra
 18901 | Lair:3   | Reached skill level 10 in Shields
 19308 | Lair:3   | Found a staircase to the Shoals.
 19354 | Lair:3   | Reached skill level 1 in Spellcasting
 19385 | Lair:3   | Reached skill level 1 in Earth Magic
 19471 | Lair:3   | Learned a level 3 spell: Stone Arrow
 19582 | Lair:3   | Reached ***** piety under Cheibriados
 19853 | Lair:3   | Found a hole to the Spider Nest.
 20106 | Lair:4   | Identified the +4 shortbow of Pyromania {heavy, MP+9 Int+7}
 20246 | Lair:4   | Noticed a five-headed hydra
 20254 | Lair:4   | Killed a five-headed hydra
 20255 | Lair:4   | Reached skill level 5 in Stealth
 20255 | Lair:4   | Reached XP level 13. HP: 85/102 MP: 18/18
 20370 | Lair:4   | Found a gate leading to a gauntlet.
 20959 | Lair:4   | Identified the +3 arbalest "Mogamax" {flame, Str+2}
 21313 | Lair:5   | Entered Level 5 of the Lair of Beasts
 21654 | Lair:5   | Found a viscous altar of Jiyva.
 21688 | Lair:5   | Found a staircase to the Slime Pits.
 22014 | Lair:5   | Reached skill level 14 in Unarmed Combat
 22375 | Lair:5   | Reached skill level 5 in Ranged Weapons
 22657 | Lair:5   | Learned a level 2 spell: Passwall
 23788 | Lair:5   | Found the +10 zealot's sword {holy, Zealotry, *Rage rN+
                  | EV+3}
 23792 | Lair:5   | Found the ring of the Octopus King
 23796 | Lair:5   | Identified a ring of the Octopus King {rN+ HP+2 AC+2 EV+2
                  | SH+2}
 24413 | Orc:1    | Entered Level 1 of the Orcish Mines
 24710 | Orc:1    | Noticed Urug
 24736 | Orc:1    | Killed Urug
 25160 | Orc:2    | Entered Level 2 of the Orcish Mines
 25208 | Orc:2    | Reached ****** piety under Cheibriados
 25308 | Orc:2    | Paralysed by an orc sorcerer for 2 turns
 25312 | Orc:2    | Noticed Nergalle
 25602 | Orc:2    | Reached XP level 14. HP: 111/111 MP: 13/21
 25833 | Orc:2    | Noticed Saint Roka
 25834 | Orc:2    | Was placed under penance by Cheibriados
 25849 | Orc:1    | Was forgiven by Cheibriados
 26539 | Orc:2    | Killed Nergalle
 26887 | Orc:2    | HP: 4/169 [Saint Roka/+2 dire flail of protection (15)]
 26889 | Orc:2    | Annihilated by Saint Roka

Illustrated notes

Levels and vault maps discovered:
D:1:      saegor_arrival_simple_e, layout_basic
D:2:      layout_loops_ring, grunt_decor_fettered, minmay_misc_feat_plants
D:3:      layout_basic, grunt_decor_one_mirror, st_stairs_11, uniq_ijyb
D:4:      layout_basic, slow_altar_2, uniq_robin
D:5:      layout_basic, lemuel_mausoleum_altar_kikubaaqudgha,
          mainiacjoe_overflow_surrounded_room
D:6:      kennysheep_big_flooded_room, layout_basic, grunt_ministairs_6,
          chequers_serial_rivers_micro_d, moated_statue
D:7:      layout_basic, worldfamousw_hep_ancestral_shrine,
          minmay_temple_entry_hall
D:8:      layout_basic, serial_shops, shop
D:9:      layout_roguey, lair_entry_dummy, nicolae_looking_at_the_future,
          uniq_harold
D:10:     layout_big_octagon, minmay_orc_entry_temple_small,
          corexii_corridor_pit, grunt_ministairs_6
Lair:1:   layout_gridlike, infiniplex_staircase_pool
Lair:2:   regret_index_wax_grids, layout_concentric_octagons, uniq_gastronok
Lair:3:   layout_gridlike, minmay_shoals_entry_hut, dummy_spider_entry
Lair:4:   layout_cave_pods, gauntlet_entry_generic, minmay_stone_trees_small,
          infiniplex_staircase_pool_2, lemuel_fruit_fields, serial_bayou_shore_b
Lair:5:   gammafunk_lair_ancient_temple, layout_cave_pods,
          minmay_slime_entry_pillars
Orc:1:    layout_diamond_mine, nicolae_shop_clearance, uniq_urug
Orc:2:    grunt_orc_cross, layout_caves

Skill      XL: |  1  2  3  4  5  6  7  8  9 10 11 12 13 14 |
---------------+-------------------------------------------+-----
Dodging        | 3 4 5 6 7 8 |  8.6
Unarmed Combat | 4 5 6 7 9 10 12 13 14 | 14.6
Shields        | 2 4 5 6 7 8 10 | 10.6
Stealth        | 1 2 3 4 5 |  5.6
Throwing       | 2 |  2.8
Invocations    | 3 5 6 7 8 |  8.1
Fighting       | 4 5 6 7 |  7.1
Ranged Weapons | 2 4 6 |  6.6
Evocations     | 1 |  1.5
Spellcasting   | 2 4 |  4.8
Earth Magic    | 2 3 |  3.6
Short Blades   | |  0.9
Long Blades    | |  0.1
Conjurations   | |  0.9

Action                     |  1- 3 |  4- 6 |  7- 9 | 10-12 | 13-15 || total
---------------------------+-------+-------+-------+-------+-------++-------
  Melee: Unarmed           |   112 |   218 |   331 |   706 |   266 ||  1633
         Tailslap          |    14 |    36 |    68 |   132 |    62 ||   312
         Short sword       |       |       |     1 |    19 |       ||    20
         Punch             |       |       |       |       |    34 ||    34
         Eudemon blade     |       |       |       |       |     2 ||     2
   Fire: Sling             |       |     2 |    27 |    94 |       ||   123
         Shortbow          |       |       |       |     5 |   163 ||   168
  Throw: Stone             |       |    17 |     2 |     5 |       ||    24
         Dart              |       |     1 |    23 |     9 |     5 ||    38
         Throwing net      |       |       |       |     3 |     1 ||     4
   Cast: Sandblast         |       |       |       |    12 |    13 ||    25
         Stone Arrow       |       |       |       |       |    21 ||    21
 Invoke: Bend Time         |       |       |       |    12 |     3 ||    15
         Slouch            |       |       |       |     2 |     2 ||     4
         Temporal Distorti |       |       |       |     1 |       ||     1
  Evoke: Wand              |       |       |     3 |    20 |     3 ||    26
    Use: Scroll            |     5 |     7 |     7 |     8 |     5 ||    32
         Potion            |       |     2 |     1 |     2 |     2 ||     7
   Stab: Invisible         |       |     2 |       |       |       ||     2
         Sleeping          |       |       |    10 |    15 |     2 ||    27
         Distracted        |       |       |     1 |     1 |       ||     2
 Armour: Skin              |    26 |    38 |    63 |   188 |   111 ||   426
  Dodge: Dodged            |    64 |    52 |    72 |   343 |   276 ||   807
         Repelled          |       |       |       |     2 |     3 ||     5
  Block: Tower shield      |       |   187 |   312 |   906 |       ||  1405
         Reflection        |       |     8 |     8 |    20 |       ||    36

Table legend: (Time is in decaauts)
 A = Elapsed time spent in this place.
 B = Non-inter-level travel time spent in this place.
 C = Inter-level travel time spent in this place.
 D = Time resting spent in this place.
 E = Time spent auto-exploring this place.
 F = Levels seen in this place.
 G = Mean time per level.
                   A        B        C        D        E       F      G
               +--------+--------+--------+--------+--------+-----+--------+
         Total |  35122 |  33837 |   1285 |   9349 |   7335 |  17 | 2066.0 |
       Dungeon |  17279 |  16778 |    501 |   4049 |   4497 |  10 | 1727.9 |
          Lair |  14561 |  14059 |    502 |   3958 |   2838 |   5 | 2912.2 |
  Orcish Mines |   3281 |   3000 |    281 |   1341 |      0 |   2 | 1640.5 |
               +--------+--------+--------+--------+--------+-----+--------+

Top non-repeatable levels by time:
  Lair:5: 3976 daAuts
  Lair:2: 3802 daAuts
     D:6: 2698 daAuts
     D:5: 2622 daAuts
  Lair:1: 2552 daAuts
  Lair:4: 2406 daAuts
     D:7: 2152 daAuts
   Orc:1: 1950 daAuts
     D:9: 1888 daAuts
  Lair:3: 1823 daAuts
     D:8: 1721 daAuts
     D:3: 1540 daAuts
    D:10: 1493 daAuts
   Orc:2: 1331 daAuts
     D:4: 1213 daAuts
